ESL (28 & UNDER)
PENQUANNOCK OVERRATED JETER @ WILMINGTON REBELS
07/30/2028
 
TOP OF THE 1ST
Penquannock Overrated Jeter batting - Pitching for Wilmington Rebels : RHP Jim Wilson
Pitching: RHP Jim Wilson
Batting: RHB Aaron Holt 0-0: Ball
1-0: Ball
2-0: Ground out 4-3 (Groundball, 4)
Batting: RHB Phil Wright 0-0: Ball
1-0: Foul Ball, location: 2F
1-1: Foul Ball, location: 2F
1-2: Ball
2-2: Ball
3-2: Foul Ball, location: 2F
3-2: Strikes out looking
Batting: RHB Bernardo Enríquez 0-0: Ball
1-0: Ball
2-0: Called Strike
2-1: SINGLE (Groundball, 6MD)
Batting: RHB José Velásquez 0-0: Called Strike
0-1: Ball
Wild Pitch!
Bernardo Enríquez to second
1-1: SINGLE (Groundball, 3D)
Bernardo Enríquez to third
Runner from 3rd tries for Home, SAFE, throw made home
José Velásquez to second
Batting: LHB Pete Weber 0-0: Ball
1-0: Foul Ball, location: 2F
1-1: Ball
2-1: Swinging Strike
2-2: Ball
3-2: Strikes out looking
Top of the 1st over - 1 run(s), 2 hit(s), 0 error(s), 1 left on base; Penquannock 1 - Wilmington 0
BOTTOM OF THE 1ST
Wilmington Rebels batting - Pitching for Penquannock Overrated Jeter : RHP Hayden Collins
Pitching: RHP Hayden Collins
Batting: LHB Larry Smith 0-0: Ball
1-0: Ball
2-0: Called Strike
2-1: Foul Ball, location: 2F
2-2: Foul Ball, location: 2F
2-2: Ball
3-2: Ground out 4-3 (Groundball, 4)
Batting: LHB Mario Álvarez 0-0: Ball
1-0: Called Strike
1-1: Swinging Strike
1-2: Ball
2-2: Foul Ball, location: 2F
2-2: Fly out, F7 (Flyball, 7)
Batting: RHB Remi Eruzione 0-0: Ball
1-0: Foul Ball, location: 2F
1-1: Ball
2-1: Foul Ball, location: 2F
2-2: Foul Ball, location: 2F
2-2: Ball
3-2: Base on Balls
Batting: RHB Eugene Allen 0-0: Called Strike
0-1: Called Strike
0-2: Strikes out swinging
Bottom of the 1st over - 0 run(s), 0 hit(s), 0 error(s), 1 left on base; Penquannock 1 - Wilmington 0
TOP OF THE 2ND
Penquannock Overrated Jeter batting - Pitching for Wilmington Rebels : RHP Jim Wilson
Batting: LHB Tony Green 0-0: Ball
1-0: Ball
2-0: Ground out 5-3 (Groundball, 56)
Batting: LHB Matt Reese 0-0: Ball
1-0: Foul Ball, location: 2F
1-1: Ball
2-1: Foul Ball, location: 2F
2-2: Ball
3-2: Foul Ball, location: 2F
3-2: Ground out 6-3 (Groundball, 6)
Batting: RHB Manny Perea 0-0: Called Strike
0-1: Ball
1-1: Ball
2-1: Fly out, F8 (Flyball, 78M)
Top of the 2nd over - 0 run(s), 0 hit(s), 0 error(s), 0 left on base; Penquannock 1 - Wilmington 0
BOTTOM OF THE 2ND
Wilmington Rebels batting - Pitching for Penquannock Overrated Jeter : RHP Hayden Collins
Batting: RHB Al Reese 0-0: Called Strike
0-1: Swinging Strike
0-2: Strikes out swinging
Batting: RHB Juan Jose Mendoza 0-0: Called Strike
0-1: Foul Ball, location: 2F
0-2: Ball
1-2: Foul Ball, location: 2F
1-2: Strikes out looking
Batting: RHB Sergio Moreno 0-0: Called Strike
0-1: Ball
1-1: Ball
2-1: Foul Ball, location: 2F
2-2: Ball
3-2: Base on Balls
Batting: RHB Henry Dawson 0-0: Called Strike
0-1: Ball
1-1: DOUBLE (Line Drive, 8LD)
Sergio Moreno to third
Batting: RHB Andrew Deal 0-0: Swinging Strike
0-1: 3-RUN HOME RUN (Flyball, 7D), Distance : 372 ft
Batting: LHB Larry Smith 0-0: Ball
1-0: Called Strike
1-1: Ball
2-1: Foul Ball, location: 2F
2-2: Ball
3-2: Foul Ball, location: 2F
3-2: Base on Balls
Batting: LHB Mario Álvarez 0-0: Ball
1-0: Ball
2-0: Ball
3-0: Called Strike
3-1: Ground out 1-3 (Groundball, 13)
Bottom of the 2nd over - 3 run(s), 2 hit(s), 0 error(s), 1 left on base; Penquannock 1 - Wilmington 3
TOP OF THE 3RD
Penquannock Overrated Jeter batting - Pitching for Wilmington Rebels : RHP Jim Wilson
Batting: RHB Barton Frazier 0-0: DOUBLE (Line Drive, 78XD)
Batting: RHB Aaron Holt 0-0: Ball
1-0: Called Strike
1-1: Ground out 5-3 (Groundball, 56)
Batting: RHB Phil Wright 0-0: Ball
1-0: Ball
2-0: Ground out 6-3 (Groundball, 6M)
Barton Frazier to third
Batting: RHB Bernardo Enríquez 0-0: Fly out, F5 (Popup, 5S)
Top of the 3rd over - 0 run(s), 1 hit(s), 0 error(s), 1 left on base; Penquannock 1 - Wilmington 3
BOTTOM OF THE 3RD
Wilmington Rebels batting - Pitching for Penquannock Overrated Jeter : RHP Hayden Collins
Batting: RHB Remi Eruzione 0-0: Ball
1-0: Ball
2-0: Called Strike
2-1: Foul Ball, location: 2F
2-2: Ball
3-2: Fly out, F9 (Flyball, 9LS)
Batting: RHB Eugene Allen 0-0: Foul Ball, location: 2F
0-1: Ball
1-1: Ball
2-1: Fly out, F6 (Line Drive, 6M)
Batting: RHB Al Reese 0-0: Ball
1-0: Called Strike
1-1: TRIPLE (Flyball, 8RXD)
Batting: RHB Juan Jose Mendoza 0-0: Swinging Strike
0-1: Foul Ball, location: 2F
0-2: Ball
1-2: Foul Ball, location: 2F
1-2: Foul Ball, location: 2F
1-2: Ball
2-2: Strikes out swinging
Bottom of the 3rd over - 0 run(s), 1 hit(s), 0 error(s), 1 left on base; Penquannock 1 - Wilmington 3
TOP OF THE 4TH
Penquannock Overrated Jeter batting - Pitching for Wilmington Rebels : RHP Jim Wilson
Batting: RHB José Velásquez 0-0: Ball
1-0: Called Strike
1-1: Ball
2-1: Fly out, F9 (Flyball, 9S)
Batting: LHB Pete Weber 0-0: Foul Ball, location: 2F
0-1: Swinging Strike
0-2: Ball
1-2: Ball
2-2: TRIPLE (Line Drive, 9LM)
Batting: LHB Tony Green 0-0: Ball
1-0: Ball
2-0: Foul Ball, location: 2F
2-1: Foul Ball, location: 2F
2-2: DOUBLE (Line Drive, 78XD)
Pete Weber scores
Batting: LHB Matt Reese 0-0: Ball
1-0: Ball
2-0: Swinging Strike
2-1: Ball
3-1: Foul Ball, location: 2F
3-2: Foul Ball, location: 2F
3-2: SINGLE (Line Drive, 9S)
Tony Green to third
Runner from 3rd tries for Home, SAFE, throw made home
Matt Reese to second
Batting: RHB Manny Perea 0-0: Swinging Strike
0-1: Swinging Strike
0-2: Ball
1-2: Strikes out swinging
Batting: RHB Barton Frazier 0-0: Ball
1-0: Ball
2-0: Ball
3-0: Called Strike
3-1: Swinging Strike
3-2: Base on Balls
Batting: RHB Aaron Holt 0-0: Ball
1-0: Ball
2-0: Ground out 4-3 (Groundball, 4S)
Top of the 4th over - 2 run(s), 3 hit(s), 0 error(s), 2 left on base; Penquannock 3 - Wilmington 3
BOTTOM OF THE 4TH
Wilmington Rebels batting - Pitching for Penquannock Overrated Jeter : RHP Hayden Collins
Batting: RHB Sergio Moreno 0-0: Called Strike
0-1: Ball
1-1: Foul Ball, location: 2F
1-2: SOLO HOME RUN (Flyball, 7D), Distance : 387 ft
Batting: RHB Henry Dawson 0-0: Ball
1-0: Ball
2-0: Called Strike
2-1: Foul Ball, location: 2F
2-2: Fly out, F8 (Flyball, 8RD)
Batting: RHB Andrew Deal 0-0: Ball
1-0: Foul Ball, location: 2F
1-1: Ball
2-1: Foul Ball, location: 2F
2-2: Ball
3-2: Foul Ball, location: 2F
3-2: Ground out 4-3 (Groundball, 4S)
Batting: LHB Larry Smith 0-0: Called Strike
0-1: Ball
1-1: Called Strike
1-2: Ball
2-2: Strikes out swinging
Bottom of the 4th over - 1 run(s), 1 hit(s), 0 error(s), 0 left on base; Penquannock 3 - Wilmington 4
TOP OF THE 5TH
Penquannock Overrated Jeter batting - Pitching for Wilmington Rebels : RHP Jim Wilson
Batting: RHB Phil Wright 0-0: Ball
1-0: Foul Ball, location: 2F
1-1: Ball
2-1: Foul Ball, location: 2F
2-2: SOLO HOME RUN (Flyball, 7D), Distance : 375 ft
Batting: RHB Bernardo Enríquez 0-0: Called Strike
0-1: Ground out 1-3 (Groundball, P)
Batting: RHB José Velásquez 0-0: Fly out, F7 (Flyball, 78M)
Batting: LHB Pete Weber 0-0: Called Strike
0-1: Ground out 6-3 (Groundball, 6)
Top of the 5th over - 1 run(s), 1 hit(s), 0 error(s), 0 left on base; Penquannock 4 - Wilmington 4
BOTTOM OF THE 5TH
Wilmington Rebels batting - Pitching for Penquannock Overrated Jeter : RHP Hayden Collins
Batting: LHB Mario Álvarez 0-0: Called Strike
0-1: Ball
1-1: Fly out, F5 (Popup, 5L)
Batting: RHB Remi Eruzione 0-0: Ball
1-0: Ball
2-0: Called Strike
2-1: Swinging Strike
2-2: Fly out, F8 (Flyball, 8RM)
Batting: RHB Eugene Allen 0-0: Ball
1-0: Foul Ball, location: 2F
1-1: Ball
2-1: Foul Ball, location: 2F
2-2: Strikes out swinging
Bottom of the 5th over - 0 run(s), 0 hit(s), 0 error(s), 0 left on base; Penquannock 4 - Wilmington 4
TOP OF THE 6TH
Penquannock Overrated Jeter batting - Pitching for Wilmington Rebels : RHP Jim Wilson
Batting: LHB Tony Green 0-0: Swinging Strike
0-1: Ground out 1-3 (Groundball, 15)
Batting: LHB Matt Reese 0-0: Ball
1-0: Called Strike
1-1: Ball
2-1: Called Strike
2-2: Ball
3-2: Base on Balls
Pitching: RHP Edgar Martínez
Batting: RHB Manny Perea 0-0: Foul Ball, location: 2F
0-1: Foul Ball, location: 2F
0-2: Ball
1-2: Fly out, F7 (Flyball, 7D)
Batting: RHB Barton Frazier 0-0: Called Strike
0-1: Fielders Choice at 2nd, 6-4 (Groundball, 6)
Top of the 6th over - 0 run(s), 0 hit(s), 0 error(s), 0 left on base; Penquannock 4 - Wilmington 4
BOTTOM OF THE 6TH
Wilmington Rebels batting - Pitching for Penquannock Overrated Jeter : RHP Hayden Collins
Batting: RHB Al Reese 0-0: Ball
1-0: Called Strike
1-1: Foul Ball, location: 2F
1-2: Ball
2-2: Foul Ball, location: 2F
2-2: Foul Ball, location: 2F
2-2: Ball
3-2: Ground out 5-3 (Groundball, 5L)
Pitching: LHP Héctor Díaz
Batting: RHB Juan Jose Mendoza 0-0: Ball
1-0: Ball
2-0: Called Strike
2-1: Foul Ball, location: 2F
2-2: Foul Ball, location: 2F
2-2: Fly out, F7 (Flyball, 7D)
Batting: RHB Sergio Moreno 0-0: Foul Ball, location: 2F
0-1: Hit by Pitch
Batting: RHB Henry Dawson 0-0: Ball
1-0: Foul Ball, location: 2F
1-1: Ball
2-1: Foul Ball, location: 2F
2-2: SINGLE (Line Drive, 6MD)
Sergio Moreno to second
Batting: RHB Andrew Deal 0-0: Fly out, F8 (Flyball, 8LD)
Bottom of the 6th over - 0 run(s), 1 hit(s), 0 error(s), 2 left on base; Penquannock 4 - Wilmington 4
TOP OF THE 7TH
Penquannock Overrated Jeter batting - Pitching for Wilmington Rebels : RHP Edgar Martínez
Pinch Hitting: RHB Armando Pagán 0-0: Called Strike
0-1: DOUBLE (Flyball, 8RXD)
Pinch Hitting: LHB Eric Powell 0-0: Intentional Walk
Batting: RHB Bernardo Enríquez 0-0: Foul Ball, location: 2F
0-1: Foul Ball, location: 2F
0-2: Ball
1-2: Strikes out looking
Batting: RHB José Velásquez 0-0: 3-RUN HOME RUN (Flyball, 7D), Distance : 376 ft
Pitching: RHP Shannon Wallace
Batting: LHB Pete Weber 0-0: Ball
1-0: Called Strike
1-1: Ball
2-1: Ball
3-1: Called Strike
3-2: Foul Ball, location: 2F
3-2: Fly out, F7 (Line Drive, 7S)
Batting: LHB Tony Green 0-0: Ball
1-0: Foul Ball, location: 2F
1-1: SINGLE (Groundball, 6M) (infield hit)
Batting: LHB Matt Reese 0-0: Ball
1-0: Ball
2-0: Ball
3-0: Called Strike
3-1: Called Strike
3-2: Strikes out swinging
Top of the 7th over - 3 run(s), 3 hit(s), 0 error(s), 1 left on base; Penquannock 7 - Wilmington 4
BOTTOM OF THE 7TH
Wilmington Rebels batting - Pitching for Penquannock Overrated Jeter : LHP Héctor Díaz
Now at SS: Fernando Díaz
Now in LF: Armando Pagán
Batting: LHB Larry Smith 0-0: Foul Ball, location: 2F
0-1: Ball
1-1: Swinging Strike
1-2: Ball
2-2: Strikes out looking
Batting: LHB Mario Álvarez 0-0: Foul Ball, location: 2F
0-1: Ground out U3 (Groundball, 3)
Batting: RHB Remi Eruzione 0-0: Ball
1-0: Called Strike
1-1: Swinging Strike
1-2: Foul Ball, location: 2F
1-2: Strikes out swinging
Bottom of the 7th over - 0 run(s), 0 hit(s), 0 error(s), 0 left on base; Penquannock 7 - Wilmington 4
TOP OF THE 8TH
Penquannock Overrated Jeter batting - Pitching for Wilmington Rebels : RHP Shannon Wallace
Batting: RHB Manny Perea 0-0: Ball
1-0: Ball
2-0: Foul Ball, location: 2F
2-1: Ball
3-1: Base on Balls
Batting: RHB Barton Frazier 0-0: Called Strike
0-1: Bunt missed!
0-2: Ball
1-2: Foul Ball, location: 2F
1-2: Strikes out swinging
Batting: RHB Armando Pagán 0-0: Called Strike
0-1: Ball
1-1: Swinging Strike
1-2: Strikes out looking
Batting: RHB Fernando Díaz 0-0: Ball
1-0: Ball
2-0: Ground out 1-3 (Groundball, 15S)
Top of the 8th over - 0 run(s), 0 hit(s), 0 error(s), 1 left on base; Penquannock 7 - Wilmington 4
BOTTOM OF THE 8TH
Wilmington Rebels batting - Pitching for Penquannock Overrated Jeter : LHP Héctor Díaz
Batting: RHB Eugene Allen 0-0: Called Strike
0-1: Ball
1-1: Called Strike
1-2: Fly out, F5 (Popup, 5S)
Pitching: RHP John Kelly
Batting: RHB Al Reese 0-0: Swinging Strike
0-1: Ground out 1-3 (Groundball, 13)
Batting: RHB Juan Jose Mendoza 0-0: Ball
1-0: Foul Ball, location: 2F
1-1: Called Strike
1-2: Foul Ball, location: 2F
1-2: Ball
2-2: Strikes out swinging
Bottom of the 8th over - 0 run(s), 0 hit(s), 0 error(s), 0 left on base; Penquannock 7 - Wilmington 4
TOP OF THE 9TH
Penquannock Overrated Jeter batting - Pitching for Wilmington Rebels : RHP Shannon Wallace
Batting: RHB Bernardo Enríquez 0-0: Ball
1-0: Ball
2-0: Called Strike
2-1: Ball
3-1: Swinging Strike
3-2: Fly out, F4 (Line Drive, 4)
Batting: RHB José Velásquez 0-0: Ball
1-0: Called Strike
1-1: Called Strike
1-2: Strikes out swinging
Batting: LHB Pete Weber 0-0: Called Strike
0-1: Ball
1-1: Ball
2-1: Ground out 6-3 (Groundball, 6)
Top of the 9th over - 0 run(s), 0 hit(s), 0 error(s), 0 left on base; Penquannock 7 - Wilmington 4
BOTTOM OF THE 9TH
Wilmington Rebels batting - Pitching for Penquannock Overrated Jeter : RHP John Kelly
Batting: RHB Sergio Moreno 0-0: Foul Ball, location: 2F
0-1: Foul Ball, location: 2F
0-2: SINGLE (Flyball, 9LS)
Batting: RHB Henry Dawson 0-0: Ball
1-0: Swinging Strike
1-1: Swinging Strike
1-2: Strikes out swinging
Batting: RHB Andrew Deal 0-0: Fly out, F9 (Flyball, 9D)
Batting: LHB Larry Smith 0-0: Ground out U3 (Groundball, 34)
Bottom of the 9th over - 0 run(s), 1 hit(s), 0 error(s), 1 left on base; Penquannock 7 - Wilmington 4
Tuesday, August 8th, 2017 - OOTP Baseball 17.12 Build 75